 Dungeon Crawl Stone Soup version 0.28.0-45-g0d030f2227 (webtiles) character file.

Game seed: 9574199351667277510

130 101zpm the Chiller (level 4, -2/35 HPs)
             Began as a Draconian Ice Elementalist on Apr 18, 2022.
             Shot with a stone by a goblin (3 damage)
             ... on level 3 of the Dungeon.
             The game lasted 00:06:26 (4247 turns).

101zpm the Chiller (Draconian Ice Elementalist)     Turns: 4247, Time: 00:06:27

Health: -2/35      AC:  6    Str: 11    XL:     4   Next: 90%
Magic:  8/8        EV: 12    Int: 17    God:
Gold:   180        SH:  0    Dex: 11    Spells: 7/8 levels left

rFire   . . .      SeeInvis .   e - +1 whip (venom)
rCold   . . .      Faith    .   (no shield)
rNeg    . . .      Spirit   .   (armour unavailable)
rPois   .          Reflect  .   (helmet restricted)
rElec   .          Harm     .   (no cloak)
rCorr   .          Rampage  .   (no gloves)
Will    .....                   a - +0 pair of boots
Stlth   ++........              (no amulet)
HPRegen 0.11/turn               (no ring)
MPRegen 0.11/turn               (no ring)

@: no status effects
A: AC +5, unfitting armour, cold-blooded
a: no special abilities


You were on level 3 of the Dungeon.
You visited 1 branch of the dungeon, and saw 4 of its levels.

You collected 180 gold pieces.

Inventory:

Hand Weapons
 e - a +1 whip of venom (weapon)
Missiles
 k - 111 stones
 l - 72 sling bullets
Armour
 a - a +0 pair of boots (worn)
Wands
 i - a wand of paralysis (7)
Scrolls
 b - a scroll of magic mapping {unknown}
 f - a scroll of noise {unknown}
 j - a scroll of amnesia {unknown}
Potions
 c - 3 potions of curing {unknown}
 d - 2 potions of invisibility {unknown}
 g - a potion of lignification {unknown}
 h - 2 potions of resistance {unknown}
 m - a potion of brilliance {unknown}


   Skills:
 + Level 1.1 Fighting
 + Level 0.9 Maces & Flails
 + Level 1.9 Dodging
 + Level 2.3 Stealth
 + Level 2.7 Spellcasting
 + Level 5.2 Ice Magic


You had 7 spell levels left.
You knew the following spells:

 Your Spells              Type           Power      Damage    Failure   Level
a - Freeze                Ice            80%        1d9       1%          1

Your spell library contained the following spells:

 Spells                   Type           Power      Damage    Failure   Level
 Frozen Ramparts          Ice            40%        1d6       6%          3
 Ozocubu's Armour         Ice            20%        N/A       6%          3
 Hailstorm                Conj/Ice       11%        3d5       52%         4


Dungeon Overview and Level Annotations

Branches:
Dungeon (4/15)
 Temple: D:4-7

Altars:
Uskayaw
Wu Jian


Innate Abilities, Weirdness & Mutations

Your plain brown scales are hard. (AC +5)
You cannot fit into any form of body armour.
You are cold-blooded and may be slowed by cold attacks.


Message History

You are too injured to fight recklessly!
You are too injured to fight recklessly!
You are too injured to fight recklessly!
You are too injured to fight recklessly!
You are too injured to fight recklessly!
You are too injured to fight recklessly!
You are too injured to fight recklessly!
You are too injured to fight recklessly!
You are too injured to fight recklessly!
You are too injured to fight recklessly!
You are too injured to fight recklessly!
You are too injured to fight recklessly!
You are too injured to fight recklessly!
You are too injured to fight recklessly!
You are too injured to fight recklessly!
You are too injured to fight recklessly!
You are too injured to fight recklessly!
You are too injured to fight recklessly!
You are too injured to fight recklessly!
You are too injured to fight recklessly!
You are too injured to fight recklessly!
You are too injured to fight recklessly!
You are too injured to fight recklessly!
You are too injured to fight recklessly!
You are too injured to fight recklessly!
You are too injured to fight recklessly!
You are too injured to fight recklessly!
The goblin shoots a stone.
The stone hits you.
* * * LOW HITPOINT WARNING * * *
The hobgoblin wields a +0 hunting sling.
The hobgoblin shoots a sling bullet.
The sling bullet hits you but does no damage.
The gnoll hits you from afar with a +0 spear.
* * * LOW HITPOINT WARNING * * *
The goblin shoots a stone.
The stone hits you.
* * * LOW HITPOINT WARNING * * *
The hobgoblin shoots a sling bullet.
The sling bullet hits you.
* * * LOW HITPOINT WARNING * * *
The goblin shoots a stone.
The stone hits you.
You die...

#..............# #..............+
#+##..............#######
#......########.......††.
#......# #.......†..
#..g..g########..†.......
#..g..$........#######
#.............))...... ≈≈≈≈≈≈≈#
#g...@.........#...... ≈≈≈≈≈≈≈#
######################
≈≈≈≈≈≈≈#####≈≈≈≈≈≈≈≈≈≈≈≈≈≈≈≈≈≈≈≈≈
≈≈≈≈≈≈≈≈≈≈≈≈≈≈≈≈≈≈≈≈≈≈≈≈≈≈≈≈≈≈≈≈≈
≈≈≈≈≈≈≈≈≈≈≈≈≈≈≈≈≈≈≈≈≈≈≈≈≈≈≈≈≈≈≈≈≈
≈.≈≈≈≈≈≈≈≈≈≈≈.≈≈.≈..≈≈≈≈≈≈≈≈.≈≈≈≈
.................................
.................................
#.##############...####...#######


You could see a gnoll, a hobgoblin and 2 goblins.

Vanquished Creatures
  Terence (D:2)
  A gnoll (D:3)
  2 adders (D:2)
  A worm (D:2)
  2 dart slugs
  4 orcs
  5 ball pythons
  A bat (D:2)
  6 endoplasms
  7 hobgoblins (D:3)
  7 jackals
  2 quokkas
  A frilled lizard (D:1)
  11 goblins
  6 kobolds
  4 rats
61 creatures vanquished.

Vanquished Creatures (others)
  3 plants (D:2)
3 creatures vanquished.

Grand Total: 64 creatures vanquished

Notes
Turn   | Place    | Note
-------+----------+-------------------------------------------
     0 | D:1      | 101zpm the Draconian Ice Elementalist began the quest for
                  | the Orb.
     0 | D:1      | Reached XP level 1. HP: 14/14 MP: 3/3
    99 | D:4      | Noticed a water moccasin
   173 | D:3      | Found a hide-covered altar of Uskayaw.
   203 | D:3      | Found an ornate altar of the Wu Jian Council.
   309 | D:4      | Noticed an ogre
   471 | D:3      | Reached XP level 2. HP: 20/20 MP: 3/5
   909 | D:2      | HP: 1/20 [kobold/+1 whip of venom (5)]
   990 | D:2      | Reached XP level 3. HP: 7/26 MP: 6/6
  1759 | D:2      | Noticed Terence
  1772 | D:2      | Killed Terence
  1773 | D:2      | Reached skill level 5 in Ice Magic
  1773 | D:2      | Reached XP level 4. HP: 30/33 MP: 7/7
  2468 | D:1      | Found a faded altar of an unknown god.
  4043 | D:3      | Reached skill level 1 in Fighting
  4246 | D:3      | HP: 1/35 [hobgoblin/sling bullet (2)]
  4247 | D:3      | Shot with a stone by a goblin

Illustrated notes

Levels and vault maps discovered:
D:1:      amcnicky_arrival_single_pillar, layout_rooms,
          hellmonk_ecumenical_altar_lost_god
D:2:      layout_loops_ring, serial_forest, infiniplex_forest_lined_3_way,
          infiniplex_forest_clump_cross, infiniplex_forest_clump_C,
          infiniplex_forest_pool, infiniplex_forest_join,
          infiniplex_forest_clump_medium, uniq_terence
D:3:      minmay_goblin_kobold_castle, layout_basic, nzn_wu_jian_council_hall,
          mainiacjoe_overflow_alcove_1, dk_noncrumbling_3
D:4:      layout_loops_cross

Skill      XL: |  1  2  3  4 |
---------------+-------------+-----
Stealth        | 2 |  2.3
Ice Magic      | 5 |  5.2
Fighting       | 1 |  1.1
Maces & Flails | |  0.9
Dodging        | |  1.9
Spellcasting   | |  2.7

Action                   |  1- 3 |  4- 6 || total
-------------------------+-------+-------++-------
Melee: Tailslap          |     5 |    13 ||    18
       Whip              |    27 |   103 ||   130
       Punch             |     1 |     1 ||     2
       Unarmed           |     1 |       ||     1
 Cast: Freeze            |    27 |       ||    27
 Stab: Sleeping          |     1 |     2 ||     3
Armor: Skin              |     9 |    59 ||    68
Dodge: Dodged            |    26 |    85 ||   111
